Unix NetHack Version 5.0.0-0 post-release - last build May 23 2026 06:08:33 (1c0ff79ee797540d5714e4e18072db0edd9e58ae,branch:main).

Game began 2026-05-26 22:45:23, ended 2026-05-26 23:04:44.

CyberFan, lawful female dwarven Cavewoman

        ------------
        |..........|
       #..<........|
       #----.--+----
       #        #@###d
       #          s#
       #           #
       ##          #
        ##         #
         #         #
         ###############
         #            .
                      ..
        -            ....|
       -             ....|
                    ..!..|
                    *....|
                   -------

CyberFan the Aborigine   St:15 Dx:14 Co:18 In:10 Wi:8 Ch:8  Lawful
Dlvl:7  $:53 HP:0(47) Pw:6(6) AC:2  Xp:4/127 T:2819 

Latest messages:
 You hear water falling on coins.
 You hear someone counting gold coins.
 $ - 2 gold pieces (53 in total).
 You hear the footsteps of a guard on patrol.
 You hear the footsteps of a guard on patrol.
 You hear the footsteps of a guard on patrol.
 Where do you want to travel to?
 (For instructions type a '?')
 You swap places with Slasher.
 That door is closed.
 You swap places with Slasher.
 In what direction?
 This door is locked.
 Unlock it with your key? [ynq] (q)
 You succeed in unlocking the door.
 In what direction?
 The door resists!
 That door is closed.
 That door is closed.
 In what direction?
 The door opens.
 Slasher bites the yellow light.
 The yellow light explodes!
 Slasher is blinded.
 You descend the stairs.
 The giant spider bites!
 You hit the giant spider!
 The giant spider bites!
 You hit the giant spider!
 The giant spider bites!
 The giant spider's bite was poisoned!
 The giant spider bites!
 #
 You begin praying to Anu.
 You are surrounded by a shimmering light.
 The giant spider starts to attack you, but pulls back.
 The giant spider starts to attack you, but pulls back.
 The giant spider starts to attack you, but pulls back.
 The giant spider starts to attack you, but pulls back.
 You finish your prayer.
 You feel that Anu is well-pleased.
 The giant spider misses!
 The giant spider bites!
 You swap places with Slasher.
 The giant spider bites!
 The giant spider's bite was poisoned!
 You feel weaker!
 The giant spider bites!
 The giant spider's bite was poisoned!
 You die...

Inventory:
 Coins    ('$')
  $ - 53 gold pieces
 Amulets  ('"')
  q - an uncursed amulet of reflection (being worn)
 Weapons  (')')
  t - an uncursed +0 aklys (tethered to right hand)
  a - a blessed +1 club
 Armor    ('[')
  m - a blessed +4 orcish helm (being worn)
  o - an uncursed +0 elven cloak (being worn)
  e - an uncursed +0 leather armor (being worn)
 Comestibles  ('%')
  p - 4 uncursed food rations
 Scrolls  ('?')
  R - a blessed scroll of blank paper
  T - an uncursed scroll of destroy armor
  V - an uncursed scroll of earth
  P - a blessed scroll of enchant weapon
  O - an uncursed scroll of enchant weapon
  L - a blessed scroll of identify
  J - an uncursed scroll of light
  I - a blessed scroll of magic mapping
  N - an uncursed scroll of magic mapping
  Q - a cursed scroll of magic mapping
  K - a cursed scroll of remove curse
 Potions  ('!')
  g - a blessed potion of blindness
  s - a cursed potion of confusion
  B - 5 blessed potions of healing
  U - an uncursed potion of healing
  j - an uncursed potion of levitation
  f - an uncursed potion of see invisible
  u - an uncursed potion of water
 Rings    ('=')
  G - a cursed ring of hunger
  k - an uncursed ring of sustain ability
  D - an uncursed ring of warning
 Wands    ('/')
  E - an uncursed wand of digging (0:6)
  r - an uncursed wand of speed monster (0:6)
  y - an uncursed wand of undead turning (0:6)
 Tools    ('(')
  w - an uncursed magic whistle
  h - an uncursed skeleton key
  i - an uncursed tallow candle
 Gems/Stones  ('*')
  z - a cursed worthless piece of violet glass
  S - an uncursed worthless piece of white glass

CyberFan the Cavewoman's attributes:

Background:
 You were an Aborigine, a level 4 dwarven Cavewoman.
 You were lawful, on a mission for Anu
 who was opposed by Ishtar (neutral) and Anshar (chaotic).
 You were right-handed.
 You were in the Dungeons of Doom, on level 7.
 You entered the dungeon 2819 turns ago.
 It was nighttime.
 You had 127 experience points, 33 more were needed to attain level 5.

Basics:
 You had 0 out of 47 hit points.
 You had all 6 energy points (spell power).
 Your armor class was 2.
 Your wallet contained 53 zorkmids.
 Autopickup was on for '$%?!"=/*', with exceptions.

Final Characteristics:
 Your strength was 15 (peak:18, limit:18/100).
 Your dexterity was 14 (limit:20).
 Your constitution was 18 (limit:20).
 Your intelligence was 10 (limit:16).
 Your wisdom was 8 (limit:16).
 Your charisma was 8 (limit:16).

Final Status:
 You weren't hungry.
 You were unencumbered.
 You were wielding a club.
 You had basic skill with club.

Final Attributes:
 You were piously aligned.
 You had infravision.
 You were stealthy.
 You were warded.
 You had reflection.
 You are dead.

Miscellaneous:
 You disabled loading and storing of bones levels.
 Total elapsed playing time was 19 minutes and 20 seconds.

Major events:
 Turn
    1: CyberFan the lawful dwarven Cavewoman entered the dungeon
  703: entered the Gnomish Mines
 1317: attained the rank of Aborigine (level 3)
 2819: killed by a giant spider

You didn't know any spells.

Skills:
 Fighting Skills
   bare handed combat [Basic]
 Weapon Skills
   dagger             [Unskilled]
   knife              [Unskilled]
   axe                [Unskilled]
   pick-axe           [Unskilled]
   club               [Basic]
   mace               [Unskilled]
   morning star       [Unskilled]
   flail              [Unskilled]
   hammer             [Unskilled]
   quarterstaff       [Unskilled]
   polearms           [Unskilled]
   spear              [Unskilled]
   trident            [Unskilled]
   bow                [Unskilled]
   sling              [Basic]
   boomerang          [Unskilled]
   unicorn horn       [Unskilled]
 Spellcasting Skills
   attack spells      [Unskilled]
   matter spells      [Unskilled]

Voluntary challenges:
 Character rerolling was not enabled.
 You never genocided any monsters.
 You never polymorphed an object.
 You never changed form.
 You used no wishes.
Achievements:
 You entered a shop.
 You entered the Gnomish Mines.
 You attained the rank of Aborigine.

 The Dungeons of Doom: levels 1 to 7
    Level 1:
       An altar, a grave.
    Level 2:
       An armor shop, a grave.
       Stairs down to The Gnomish Mines.
    Level 3:
       A general store, an altar, a fountain.
    Level 4:
       A fountain.
    Level 5:
       A fountain.
    Level 6:
       A fountain.
    Level 7: <- You were here.
       Final resting place for
          you, killed by a giant spider.
 The Gnomish Mines:
    Level 3:


Vanquished creatures:
  a leprechaun
  a yellow light
  a gnome leader
  a kobold mummy
  a little dog
  a dwarf
  a homunculus
  3 hill orcs
  4 rothes
  a large kobold
  a giant rat
  3 yellow molds
  a green mold
  a red mold
  a gnome
  a garter snake
  8 jackals
  2 goblins
  a sewer rat
  a lichen
  2 kobold zombies
  3 newts
40 creatures vanquished.

No species were genocided or became extinct.

Game over:
                       ----------
                      /          \
                     /    REST    \
                    /      IN      \
                   /     PEACE      \
                  /                  \
                  |     CyberFan     |
                  |      53 Au       |
                  |   killed by a    |
                  |   giant spider   |
                  |                  |
                  |                  |
                  |       2026       |
                 *|     *  *  *      | *
        _________)/\\_//(\/(/\)/\//\/|_)_______

Goodbye CyberFan the Cavewoman...

You died in The Dungeons of Doom on dungeon level 7 with 886 points,
and 53 pieces of gold, after 2819 moves.
You were level 4 with a maximum of 47 hit points when you died.

